 Dungeon Crawl Stone Soup version 0.28.0-53-g5a82cb258f (webtiles) character file.

Game seed: 18311472929987904975

82154 concernfroge the Thaumaturge (level 15, -14/92 HPs)
             Began as a Deep Elf Conjurer on June 26, 2022.
             Was a High Priest of Vehumet.
             Demolished by Asterion
             ... wielding a +4 morningstar of protection
              (37 damage)
             ... on level 1 of the Spider Nest on June 27, 2022.
             The game lasted 02:56:05 (32088 turns).

concernfroge the Thaumaturge (Deep Elf Conjurer)   Turns: 32088, Time: 02:56:05

Health: -14/92     AC: 12    Str:  4    XL:     15   Next: 28%
Magic:  2/35       EV: 18    Int: 31    God:    Vehumet [*****.]
Gold:   1773       SH:  6    Dex: 16    Spells: 4/42 levels left

rFire   . . .      SeeInvis .   o - staff of air
rCold   + . .      Faith    .   C - +0 buckler {reflect}
rNeg    . . .      Spirit   .   m - +2 robe {rC+}
rPois   +          Reflect  +   (no helmet)
rElec   +          Harm     .   u - +1 cloak
rCorr   +          Rampage  .   F - +2 pair of gloves {Dex+3}
Will    +....                   g - +2 pair of boots
Stlth   ++........              l - amulet of regeneration
HPRegen 1.05/turn               a - ring of resist corrosion
MPRegen 0.24/turn               h - ring of poison resistance

@: studying Invocations
A: no striking features
a: Renounce Religion


You were on level 1 of the Spider Nest.
You worshipped Vehumet.
Vehumet was extremely pleased with you.
You visited 5 branches of the dungeon, and saw 22 of its levels.
You also visited: Ossuary and Gauntlet.

You collected 2235 gold pieces.
You spent 462 gold pieces at shops.

Inventory:

Missiles
 B - 5 throwing nets
Armour
 g - a +2 pair of boots (worn)
 m - a +2 robe of cold resistance (worn)
 u - a +1 cloak (worn)
 C - a +0 buckler of reflection (worn)
 F - a +2 pair of gloves of dexterity (worn)
 G - a +2 robe of the Archmagi
Magical Staves
 o - a staff of air (weapon)
Jewellery
 a - a ring of resist corrosion (left hand)
 c - a ring of protection from fire
 h - a ring of poison resistance (right hand)
 l - an amulet of regeneration (around neck)
Wands
 A - a wand of polymorph (2)
Scrolls
 d - 3 scrolls of immolation
 e - 2 scrolls of vulnerability
 k - 5 scrolls of enchant weapon
 p - 8 scrolls of amnesia
 q - 2 scrolls of silence
 s - a scroll of brand weapon
 v - 3 scrolls of identify
 E - 4 scrolls of magic mapping
Potions
 b - a potion of berserk rage
 f - a potion of heal wounds
 i - 6 potions of curing
 n - 3 potions of flight
 r - 3 potions of mutation
 x - a potion of resistance
 z - 3 potions of might
Miscellaneous
 t - a piece from Xom's chessboard (14/15)
 D - a phial of floods (inert)


   Skills:
 - Level 10.0 Fighting
 - Level 12.0 Dodging
 - Level 2.4 Stealth
 + Level 6.6 Shields
 + Level 14.1 Spellcasting
 + Level 12.5 Conjurations
 - Level 11.2 Hexes
 + Level 11.2 Translocations
 - Level 10.0 Evocations


You had 4 spell levels left.
You knew the following spells:

 Your Spells              Type           Power      Damage    Failure   Level
a - Magic Dart            Conj           100%       1d8       0%          1
b - Searing Ray           Conj           100%       2d8       0%          2
c - Dazzling Flash        Conj/Hex       100%       N/A       1%          3
d - Fulminant Prism       Conj/Hex       38%        3d18      1%          4
e - Iskenderun's Mystic   Conj/Tloc      77%        2d15      1%          4
f - Gell's Gravitas       Tloc           75%        N/A       1%          3
g - Teleport Other        Tloc           75%        N/A       1%          3
h - Dispersal             Tloc           37%        N/A       4%          6
i - Orb of Destruction    Conj           39%        9d11      3%          7
j - Iskenderun's Battles  Conj           79%        2d13      1%          5

Your spell library contained the following spells:

 Spells                   Type           Power      Damage    Failure   Level
 Lightning Bolt           Conj/Air       37%        1d55      1%          5
 Foxfire                  Conj/Fire      100%       2x1d9     1%          1
 Sandblast                Erth           42%        2d11      1%          1
 Poisonous Vapours        Pois/Air       64%        N/A       1%          2
 Conjure Flame            Conj/Fire      57%        6-21      1%          3
 Inner Flame              Hex/Fire       54%        N/A       1%          3
 Lesser Beckoning         Tloc           75%        N/A       1%          3
 Mephitic Cloud           Conj/Pois/Air  64%        N/A       1%          3
 Stone Arrow              Conj/Erth      100%       3d13      1%          3
 Flame Wave               Conj/Fire      57%        2d11      1%          4
 Sticky Flame             Conj/Fire      57%        2d7       1%          4
 Beastly Appendage        Tmut           42%        N/A       2%          1
 Sting                    Tmut/Pois      84%        1d7       2%          1
 Ignite Poison            Fire/Tmut/Pois 21%        N/A       2%          3
 Passwall                 Tmut/Erth      17%        N/A       4%          2
 Wereblood                Tmut           21%        N/A       4%          2
 Olgreb's Toxic Radiance  Pois           21%        N/A       7%          4
 Spider Form              Tmut/Pois      21%        N/A       9%          3
 Petrify                  Tmut/Erth      21%        N/A       26%         4
 Irradiate                Conj/Tmut      28%        3d23      1%          5
 Freezing Cloud           Conj/Ice/Air   32%        6-21      4%          5
 Metabolic Englaciation   Hex/Ice        27%        N/A       8%          5
 Iron Shot                Conj/Erth      28%        9d6       9%          6
 Spellforged Servitor     Conj/Summ      28%        N/A       41%         7
 Borgnjor's Vile Clutch   Necr/Erth      10%        N/A       58%         5
 Disjunction              Tloc           37%        N/A       87%         8
 Statue Form              Tmut/Erth      14%        N/A       99%         6


Dungeon Overview and Level Annotations

Branches:
Dungeon (12/15)            Temple (1/1) D:5            Lair (6/6) D:9
 Shoals (0/4) Lair:2       Spider (1/4) Lair:4        Slime (0/5) Lair:5
    Orc (2/2) D:12            Elf (0/3) Orc:2       Ossuary (visited)
Gauntlet (visited)

Altars:
Ashenzari
Dithmenos
Fedhas
Gozag
Kikubaaqudgha
Makhleb
Nemelex Xobeh
Okawaru
Qazlal
Trog
Uskayaw
Vehumet
Wu Jian
Xom
Zin
Beogh

Shops:
Orc:2 :(*[*=*

Annotations:
D:2 1 runed translucent door, Crazy Yiuf
D:3 exclusion: oklob plant
D:11 3 runed translucent doors, Ipoalez's ghost, journeyman MiBe; Jackthecabe's ghost, journeyman TeAE; WaxSun's ghost, journeyman DjCj; gobodom's ghost, journeyman MiGl
Lair:5 exclusion: 3 oklob plants
Lair:6 exclusion: obsidian statue
Spider:1 Asterion; Louise


Message History

Confirm with . or Enter, or press ? or * to list all spells.
You erupt in a blast of force!
The mystic blast hits the balrug!
The balrug is almost dead.
The balrug is knocked back by the mystic blast.
The mystic blast hits Asterion.
Asterion is heavily wounded.
Asterion is knocked back by the mystic blast.
Your battlesphere fires!
The barrage of energy hits Asterion.
Asterion is severely wounded.
Asterion says, "Makhleb has given me powers of destruction."
You make a move on Xom's chessboard...
The balrug seems to speed up.
The balrug gestures at you. Makhleb smites you!
Asterion drinks a potion.
Asterion seems to grow stronger.
Okay, then.
Asterion hits you with a +4 morningstar of protection!!
Asterion gores you!
* * * LOW HITPOINT WARNING * * *
You feel much better.
Asterion conjures a destructive force in the name of Makhleb!
The bolt of negative energy misses you.
Asterion hits you with a +4 morningstar of protection!!
Asterion misses you.
Okay, then.
You feel much better. The balrug gestures at you. Makhleb smites you!
Asterion hits you with a +4 morningstar of protection!!
* * * LOW HITPOINT WARNING * * *
Asterion gores you!
* * * LOW HITPOINT WARNING * * *
Casting: Iskenderun's Mystic Blast (safe; 1% risk of failure)
Confirm with . or Enter, or press ? or * to list all spells.
Okay, then.
You feel much better. You block Asterion's attack. Asterion gores you.
* * * LOW HITPOINT WARNING * * *
The balrug gestures at you. The sticky flame misses you.
Asterion hits you with a +4 morningstar of protection!!!
You die...

##.....##..#####...........
#...[###....# ##.[.....##.
#...........###........###
##...........#..##....## #
#....#......[..###.#.#
##...#...†........##.##
......#.........####..#
....##............####.#
.......#....@.......# ###
## ...........H2......##
#.###. ................####
#.... .....*.####.######
##.##. ....... ##.##..#
##...^. ....^..
###...>.###..###. .......
#...........##... .......
#...........#.... ......#
#..........#.#....


You could see Asterion (fast, strong, ally target), a balrug (summoned, fast)
and a friendly battlesphere.

Vanquished Creatures
  A broodmother (Spider:1)
  2 dire elephants
  A minotaur (Gauntlet)
  An entropy weaver (Spider:1)
  Snorg (Orc:2)
  Harold (D:10)
  Erolcha (Orc:2)
  8 hydras
  A boulder beetle (Spider:1)
  Erica (D:8)
  A tengu warrior (Gauntlet)
  A two-headed ogre (D:9)
  11 death yaks (Lair:6)
  4 orc high priests (Orc:2)
  Urug (Orc:1)
  A death drake (Gauntlet)
  2 orb spiders (Spider:1)
  A spectral anaconda (Lair:6)
  4 orc knights (Orc:2)
  Pikel (D:8)
  A spectral wolf spider (Gauntlet)
  A steelbarb worm (Spider:1)
  6 wolf spiders (Spider:1)
  3 necromancers (Lair:6)
  4 orc sorcerers (Orc:2)
  2 manticores
  2 spectral centaurs (Gauntlet)
  A dire elephant zombie (Lair:6)
  15 elephants
  3 black mambas
  An ice statue (D:12)
  3 gargoyles
  A torpor snail (Lair:6)
  Maggie (D:7)
  3 demonic crawlers (Spider:1)
  10 cane toads
  A smoke demon (D:10)
  2 tengu conjurers (Gauntlet)
  5 rime drakes
  10 komodo dragons
  An unseen horror (D:8)
  A meliai (Spider:1)
  A hornet (Lair:5)
  A merfolk (Lair:2)
  5 trolls
  5 slime creatures (D:12)
  Prince Ribbit (D:6)
  6 tarantellas
  16 blink frogs
  A spectral elephant (Lair:6)
  13 jumping spiders
  7 culicivoras (Spider:1)
  4 shadows
  Sigmund (D:5)
  3 wraiths
  43 yaks
  A vampire (D:12)
  5 wyverns
  3 basilisks
  A death yak simulacrum (Lair:6)
  3 steam dragons
  15 redbacks
  3 wargs
  15 water moccasins
  22 orc warriors
  A sky beast (D:8)
  4 black bears
  2 elephant zombies (Lair:6)
  2 ogres
  3 wolves (Lair:6)
  8 centaurs
  3 lemures (D:8)
  12 bullfrogs
  A water moccasin zombie (D:6)
  2 cane toad simulacra (Lair:6)
  4 killer bees (D:9)
  A vampire bat (D:10)
  2 howler monkeys
  7 electric eels
  2 centaur zombies
  A lava snake (D:10)
  A hound (D:6)
  2 bullfrog skeletons (D:6)
  A gnoll shaman (D:5)
  A human zombie (Ossuary)
  12 orc priests
  Jessica (D:2)
  Terence (D:2)
  An iguana (D:7)
  21 orc wizards
  6 hell rats (Lair:6)
  2 killer bee zombies
  A hound zombie (D:5)
  A hound skeleton (D:4)
  3 mummies (Ossuary)
  10 gnolls
  5 adders
  An ufetubus (D:6)
  3 worms
  4 dart slugs
  60 orcs
  6 ball pythons
  2 bat skeletons (D:10)
  4 bat zombies (D:10)
  6 endoplasms
  3 giant cockroaches
  9 goblins
  9 hobgoblins
  3 quokkas
  5 frilled lizards
  A gnoll zombie (Ossuary)
  A goblin zombie (Ossuary)
  2 hobgoblin zombies (Ossuary)
  7 kobolds
  3 kobold zombies (Ossuary)
  A quokka skeleton (D:4)
  2 quokka zombies (D:5)
  8 rats
561 creatures vanquished.

Vanquished Creatures (collateral kills)
  An orc warlord (Orc:2)
  A water moccasin (Lair:5)
  4 orc warriors (Orc:2)
  3 orc priests (Orc:2)
  2 orcs (Orc:2)
11 creatures vanquished.

Vanquished Creatures (others)
  A wolf spider (Spider:1)
  A meliai (Spider:1)
  403 fulminant prisms
  52 fungi
  76 plants
  41 withered plants (Lair:6)
574 creatures vanquished.

Grand Total: 1146 creatures vanquished

Notes
Turn   | Place    | Note
-------+----------+-------------------------------------------
     0 | D:1      | concernfroge the Deep Elf Conjurer began the quest for the
                  | Orb.
     0 | D:1      | Reached XP level 1. HP: 10/10 MP: 6/6
   193 | D:1      | Reached XP level 2. HP: 15/15 MP: 5/8
   196 | D:1      | Learned a level 2 spell: Searing Ray
   471 | D:1      | Reached skill level 4 in Spellcasting
   568 | D:1      | Reached skill level 5 in Conjurations
   568 | D:1      | Reached XP level 3. HP: 19/19 MP: 8/10
   572 | D:1      | Learned a level 3 spell: Dazzling Flash
  1113 | D:2      | Found a faded altar of an unknown god.
  1140 | D:2      | Noticed Jessica
  1144 | D:2      | Killed Jessica
  1145 | D:2      | Reached skill level 1 in Hexes
  1145 | D:2      | Reached XP level 4. HP: 24/24 MP: 7/12
  1150 | D:2      | Learned a level 4 spell: Fulminant Prism
  1395 | D:2      | Noticed Terence
  1408 | D:2      | Killed Terence
  1471 | D:3      | Found a blossoming altar of Fedhas.
  1472 | D:3      | Noticed an oklob plant
  1712 | D:3      | Reached skill level 5 in Spellcasting
  1712 | D:3      | Reached XP level 5. HP: 28/28 MP: 3/14
  2421 | D:2      | Learned a level 4 spell: Iskenderun's Mystic Blast
  2423 | D:2      | Found a runed translucent door.
  2424 | D:2      | Noticed Crazy Yiuf
  3572 | D:4      | Reached skill level 1 in Translocations
  3867 | D:4      | Noticed a black bear
  3870 | D:4      | Killed a black bear
  3871 | D:4      | Reached XP level 6. HP: 32/32 MP: 10/16
  4679 | D:5      | Entered Level 5 of the Dungeon
  4689 | D:5      | Reached skill level 6 in Spellcasting
  4862 | D:5      | Reached XP level 7. HP: 36/36 MP: 13/18
  4917 | D:5      | Found a staircase to the Ecumenical Temple.
  4941 | Temple   | Entered the Ecumenical Temple
  5171 | Temple   | Became a worshipper of Vehumet
  5280 | D:5      | Found a sand-covered staircase.
  5280 | D:5      | Noticed Sigmund
  5285 | D:5      | Killed Sigmund
  5286 | D:5      | Reached skill level 5 in Hexes
  5362 | Ossuary  | Entered an ossuary
  6512 | D:6      | Reached skill level 7 in Spellcasting
  6672 | D:6      | Reached XP level 8. HP: 32/41 MP: 11/20
  7158 | D:6      | Learned a level 3 spell: Gell's Gravitas
  7162 | D:6      | Learned a level 3 spell: Teleport Other
  7262 | D:6      | Noticed Prince Ribbit
  7274 | D:6      | Killed Prince Ribbit
  7275 | D:6      | Reached skill level 1 in Fighting
  8078 | D:7      | Noticed Maggie
  8196 | D:7      | Reached skill level 5 in Dodging
  8206 | D:7      | Killed Maggie
  8206 | D:7      | Reached * piety under Vehumet
  8206 | D:7      | Offered knowledge of Sandblast by Vehumet.
  8207 | D:7      | Reached XP level 9. HP: 40/51 MP: 7/22
  8575 | D:7      | Reached skill level 1 in Evocations
  8621 | D:7      | Found a shimmering altar of Xom.
  8982 | D:8      | Noticed Pikel
  9002 | D:8      | Killed Pikel
  9563 | D:8      | Found Neponuph's Weapon Shoppe.
  9656 | D:8      | Noticed Erica
  9669 | D:8      | Reached skill level 5 in Fighting
  9671 | D:8      | Killed Erica
  9672 | D:8      | Reached XP level 10. HP: 59/59 MP: 5/23
  9906 | D:8      | Reached skill level 5 in Evocations
 10185 | D:9      | Noticed a two-headed ogre
 10194 | D:9      | Killed a two-headed ogre
 10379 | D:9      | Found a bloodstained altar of Trog.
 10489 | D:10     | Entered Level 10 of the Dungeon
 10745 | D:10     | Reached ** piety under Vehumet
 10745 | D:10     | Offered knowledge of Static Discharge by Vehumet.
 10764 | D:10     | Noticed a manticore
 11010 | D:10     | Killed a manticore
 11011 | D:10     | Reached skill level 10 in Dodging
 11232 | D:10     | Noticed Harold
 11236 | D:10     | Noticed a smoke demon
 11249 | D:10     | Killed Harold
 11365 | D:10     | Killed a smoke demon
 11374 | D:10     | Found a burning altar of Makhleb.
 11378 | D:10     | Reached XP level 11. HP: 67/67 MP: 13/24
 11515 | D:10     | Noticed a centaur warrior
 11808 | D:10     | Found an ancient bone altar of Kikubaaqudgha.
 12347 | D:11     | Found a runed translucent gate.
 12347 | D:11     | Found a runed translucent gate.
 12347 | D:11     | Noticed Ipoalez's ghost (journeyman MiBe)
 12347 | D:11     | Noticed Jackthecabe's ghost (journeyman TeAE)
 12348 | D:11     | Found a runed translucent gate.
 12348 | D:11     | Noticed WaxSun's ghost (journeyman DjCj)
 12348 | D:11     | Noticed gobodom's ghost (journeyman MiGl)
 13435 | D:9      | Found a broken altar of Ashenzari.
 13581 | D:9      | Found a staircase to the Lair.
 13618 | Lair:1   | Entered Level 1 of the Lair of Beasts
 13809 | Lair:2   | Noticed a five-headed hydra
 13821 | Lair:2   | Killed a five-headed hydra
 14563 | Lair:2   | Found a staircase to the Shoals.
 14695 | Lair:2   | Offered knowledge of Inner Flame by Vehumet.
 15271 | Lair:1   | Reached skill level 10 in Evocations
 15399 | Lair:1   | Reached *** piety under Vehumet
 15400 | Lair:1   | Reached XP level 12. HP: 59/75 MP: 8/25
 16521 | Lair:1   | Learned a level 6 spell: Dispersal
 16877 | Lair:3   | Reached skill level 10 in Fighting
 17223 | Lair:3   | Offered knowledge of Airstrike by Vehumet.
 17377 | Lair:3   | Reached skill level 8 in Spellcasting
 17594 | Lair:3   | Reached skill level 5 in Translocations
 18146 | Lair:4   | Noticed a five-headed hydra
 18154 | Lair:4   | Killed a five-headed hydra
 18410 | Lair:4   | Noticed a six-headed hydra
 18418 | Lair:4   | Killed a six-headed hydra
 18711 | Lair:4   | Reached skill level 9 in Spellcasting
 18961 | Lair:4   | Found a hole to the Spider Nest.
 19175 | Lair:4   | Reached **** piety under Vehumet
 19850 | Lair:5   | You fall into a shaft and drop 1 floor!
 19850 | Lair:6   | Entered Level 6 of the Lair of Beasts
 19850 | Lair:6   | Noticed a death yak
 19852 | Lair:6   | Noticed a death yak
 19855 | Lair:6   | Noticed a death yak
 19865 | Lair:6   | Noticed a death yak
 19872 | Lair:6   | Noticed a death yak
 19873 | Lair:6   | Killed a death yak
 19873 | Lair:6   | Killed a death yak
 19873 | Lair:6   | Killed a death yak
 19874 | Lair:6   | Reached XP level 13. HP: 79/82 MP: 13/28
 19897 | Lair:6   | Found a gate leading to a gauntlet.
 19906 | Gauntlet | Entered a Gauntlet
 19906 | Gauntlet | Found a transporter.
 19906 | Gauntlet | Found a transporter.
 20020 | Gauntlet | Found a transporter.
 20032 | Gauntlet | Found a transporter.
 20050 | Gauntlet | Found a transporter.
 20050 | Gauntlet | Found a transporter.
 20050 | Gauntlet | Found a transporter.
 20052 | Gauntlet | Found a transporter.
 20052 | Gauntlet | Found a transporter.
 20065 | Gauntlet | Noticed a green death
 20068 | Gauntlet | Found a transporter.
 20073 | Gauntlet | Found a runed translucent door.
 20083 | Gauntlet | Found a transporter.
 20090 | Gauntlet | Found a transporter.
 20107 | Gauntlet | Found a transporter.
 20124 | Gauntlet | Found a transporter.
 20413 | Gauntlet | Offered knowledge of Hailstorm by Vehumet.
 20472 | Gauntlet | Reached skill level 10 in Spellcasting
 20477 | Gauntlet | Reached skill level 1 in Shields
 20512 | Gauntlet | Noticed a minotaur
 20527 | Gauntlet | Killed a minotaur
 20588 | Gauntlet | Got the Incunabulum of Necromancy and Attacks
 20592 | Gauntlet | Identified the +2 ring mail of Distant Worlds {Harm rC+
                  | Str+3}
 20592 | Gauntlet | Identified the +3 kite shield "Fautukum" {rElec rF- Will+++
                  | SInv}
 20883 | Lair:5   | Found a staircase to the Slime Pits.
 21569 | Lair:5   | Reached skill level 10 in Hexes
 21569 | Lair:5   | Reached ***** piety under Vehumet
 21569 | Lair:5   | Offered knowledge of Conjure Ball Lightning by Vehumet.
 22276 | Lair:6   | Reached skill level 11 in Spellcasting
 22276 | Lair:6   | Reached skill level 10 in Conjurations
 23343 | Lair:6   | Reached XP level 14. HP: 63/88 MP: 22/31
 24309 | Lair:6   | Reached skill level 12 in Spellcasting
 24362 | Lair:6   | Learned a level 7 spell: Orb of Destruction
 25958 | D:12     | Found a staircase to the Orcish Mines.
 26716 | Orc:1    | Entered Level 1 of the Orcish Mines
 27063 | Orc:1    | Reached skill level 5 in Shields
 27063 | Orc:1    | Noticed Urug
 27073 | Orc:1    | Killed Urug
 27424 | Orc:2    | Entered Level 2 of the Orcish Mines
 27424 | Orc:2    | Found Captoxos's Specific Store.
 27424 | Orc:2    | Found Yliluog's General Store.
 27627 | Orc:2    | Offered knowledge of Fireball by Vehumet.
 27770 | Orc:2    | Noticed Erolcha
 27859 | Orc:2    | Killed Erolcha
 27860 | Orc:2    | Reached skill level 10 in Translocations
 28260 | Orc:2    | Noticed Snorg
 28274 | Orc:2    | Killed Snorg
 28310 | Orc:2    | Reached skill level 13 in Spellcasting
 29059 | Orc:2    | Noticed an orc warlord
 29198 | Orc:2    | Killed an orc warlord
 29669 | Orc:2    | Found Vyngavyb's Antique Armour Emporium.
 29670 | Orc:2    | Found Zouggin's Antique Weapon Emporium.
 29672 | Orc:2    | Found Muloarath's General Store.
 29672 | Orc:2    | Found Baisul's Book Shoppe.
 29678 | Orc:2    | Bought a book of Power for 462 gold pieces
 29684 | Orc:2    | Learned a level 5 spell: Iskenderun's Battlesphere
 29786 | Orc:2    | Found a staircase to the Elven Halls.
 29792 | Orc:2    | Found Kyrucaw's Jewellery Emporium.
 30014 | Spider:1 | Entered Level 1 of the Spider Nest
 30167 | Spider:1 | Reached XP level 15. HP: 92/92 MP: 16/34
 31300 | Spider:1 | Noticed Louise
 31305 | Spider:1 | Reached skill level 14 in Spellcasting
 31829 | Spider:1 | Offered knowledge of Lightning Bolt by Vehumet.
 32074 | Spider:1 | Noticed Asterion
 32088 | Spider:1 | Demolished by Asterion

Illustrated notes

Levels and vault maps discovered:
D:1:      sevenhm_arrival_forest_fort_large_2, layout_loops_ring,
          palyth_stone_intersect
D:2:      layout_basic, hellmonk_ecumenical_altar_blasted, uniq_terence,
          uniq_jessica, uniq_crazy_yiuf_cottage
D:3:      layout_basic, tgw_fedhas
D:4:      layout_basic, portal_sewer_entry_a, dk_noncrumbling_3, minmay_puff
D:5:      layout_basic, minmay_temple_entry_junction, enter_ossuary_4,
          kennysheep_flooded_box, chequers_arboretum, uniq_sigmund
D:6:      layout_layer_cave, uniq_prince_ribbit1
D:7:      layout_rooms, lemuel_coloured_pillars_altar, kb_lookout_dungeons_type,
          uniq_maggie
D:8:      layout_basic, serial_shops, nicolae_square_shop,
          kennysheep_generic_room_14, uniq_pikel, uniq_erica
D:9:      layout_big_octagon, kennysheep_mini, ashenzari_conservatory_becter,
          lair_entry_dummy
D:10:     layout_basic, demons_altar, nicolae_ru_sacrificial_ziggurat,
          nicolae_overflow_hallway_of_the_gods, kennysheep_vampire_church,
          enter_bailey_2, corexii_leaking_fountain, minmay_liquid_box,
          minmay_crystal_room, nicolae_lava_and_water, uniq_harold
D:11:     layout_long_grid, gammafunk_ghost_cemetery
D:12:     layout_rooms, minmay_orc_entry_temple_small,
          chequers_serial_rivers_marsh, minivault_16
Temple:   jpeg_temple_island
Lair:1:   layout_chaotic_city, grunt_megastairs_5
Lair:2:   layout_hall_layers, elwin_shoals_entry_rooms
Lair:3:   layout_cave_pods, chequers_serial_rivers_marsh
Lair:4:   layout_regular_city, spider_nest_entry_a, serial_bayou_shore_a
Lair:5:   layout_gridlike, minmay_slime_entry_oklob_open
Lair:6:   due_jungle_book, layout_regular_city, gauntlet_entry_generic,
          grunt_megastairs_2, serial_bayou_shore_b, infiniplex_staircase_pool_2,
          lemuel_fruit_tree, serial_bayou_shore_b, serial_bayou_shore_b
Spider:1: layout_chambers, uniq_asterion, uniq_louise
Orc:1:    layout_caves, nicolae_orc_damp_corner, uniq_urug
Orc:2:    st_orc_congregation, layout_diamond_mine, serial_shops, shop,
          basic_altar, nicolae_specific_store, uniq_snorg, uniq_erolcha

Skill      XL: |  1  2  3  4  5  6  7  8  9 10 11 12 13 14 15 |
---------------+----------------------------------------------+-----
Spellcasting   | 4 5 6 7 9 11 13 14 | 14.1
Conjurations   | 5 6 7 9 10 12 | 12.5
Hexes          | 1 2 3 4 5 6 8 10 11 | 11.2
Translocations | 1 2 4 6 8 10 11 | 11.2
Fighting       | 3 5 7 8 10 | 10.0
Dodging        | 6 8 10 12 | 12.0
Evocations     | 4 7 10 | 10.0
Shields        | 3 6 |  6.6
Stealth        | |  2.4

Action                   |  1- 3 |  4- 6 |  7- 9 | 10-12 | 13-15 || total
-------------------------+-------+-------+-------+-------+-------++-------
 Cast: Magic Dart        |    43 |   103 |    60 |    89 |    83 ||   378
       Searing Ray       |     2 |    14 |    27 |    56 |    57 ||   156
       Fulminant Prism   |       |    12 |    39 |   146 |   207 ||   404
       Iskenderun's Myst |       |       |    17 |    89 |   263 ||   369
       Gell's Gravitas   |       |       |       |       |     5 ||     5
       Orb of Destructio |       |       |       |       |    10 ||    10
       Iskenderun's Batt |       |       |       |       |    22 ||    22
Evoke: Wand              |       |       |    12 |    17 |    15 ||    44
       Piece from Xom's  |       |       |       |       |     3 ||     3
       Phial of floods   |       |       |       |       |     1 ||     1
  Use: Scroll            |       |    12 |     8 |    14 |     7 ||    41
       Potion            |       |     2 |     1 |     5 |    16 ||    24
Armor: Robe              |       |    12 |    11 |    32 |    60 ||   115
Dodge: Dodged            |     2 |    28 |    33 |    96 |   186 ||   345
Block: Buckler           |       |       |       |       |    61 ||    61
       Reflection        |       |       |       |       |     4 ||     4
